 Dungeon Crawl Stone Soup version 0.29.0-13-gc9e81de378 (webtiles) character file.

Game seed: 15431892274278428029

1105 sanka the Grappler (level 8, 0/80 HPs)
             Began as a Troll Berserker on Sept 9, 2022.
             Was an Elder of Trog.
             Slain by Pikel
             ... wielding a +1 whip of flaming
              (1 damage)
             ... on level 4 of the Dungeon.
             The game lasted 00:05:05 (3962 turns).

sanka the Grappler (Troll Berserker)                Turns: 3962, Time: 00:05:06

Health: 0/80       AC:  5    Str: 28    XL:     8   Next: 11%
Magic:  7/7        EV: 10    Int:  3    God:    Trog [****..]
Gold:   415        SH:  0    Dex:  9    Spells: 7/7 levels left

rFire   . . .      SeeInvis .     - Unarmed
rCold   . . .      Faith    .   (no shield)
rNeg    . . .      Spirit   .   a - +0 animal skin
rPois   .          Reflect  .   (helmet restricted)
rElec   .          Harm     .   i - +0 cloak
rCorr   .          Rampage  .   (gloves unavailable)
Will    .....                   (boots unavailable)
Stlth   +.........              (no amulet)
HPRegen 1.03/turn               (no ring)
MPRegen 0.10/turn               (no ring)

@: on berserk cooldown
A: large, unfitting armour, claws 3, regeneration 1, shaggy fur 1, tough skin 1
a: Renounce Religion, Berserk, Trog's Hand, Brothers in Arms


You were on level 4 of the Dungeon.
You worshipped Trog.
Trog was greatly pleased with you.
You visited 1 branch of the dungeon, and saw 5 of its levels.
You also visited: Sewer.

You collected 415 gold pieces.


Innate Abilities, Weirdness & Mutations

You are too large for most types of armour.
You have claws for hands.
Your natural rate of healing is unusually fast.
You are covered in fur. (AC +1)
You have tough skin. (AC +1)


   Skills:
 + Level 5.2 Fighting
 - Level 2.4 Dodging
 * Level 8.4 Unarmed Combat


You had 7 spell levels left.
You didn't know any spells.
Your spell library was empty.

Inventory:

Armour
 a - a +0 animal skin (worn)
 i - a +0 cloak (worn)
Scrolls
 b - a scroll of magic mapping {unknown}
 c - 3 scrolls of fear {unknown}
 d - 3 scrolls of enchant armour {unknown}
 f - 4 scrolls of blinking {unknown}
 g - a scroll of poison {unknown}
 h - 2 scrolls of teleportation {unknown}
 k - 2 scrolls of summoning {unknown}
 l - a scroll of enchant weapon {unknown}
 m - a scroll of vulnerability {unknown}
 n - 2 scrolls of identify {unknown}
 o - a scroll of amnesia {unknown}
 r - a scroll of noise {unknown}
 s - a scroll of immolation {unknown}
 t - a scroll of silence {unknown}
Potions
 e - a potion of lignification {unknown}
 j - 2 potions of curing {unknown}
 p - a potion of mutation {!q}
 q - 7 potions of flight
 u - a potion of berserk rage {unknown}
 v - a potion of cancellation {unknown}
 w - a potion of ambrosia {unknown}

Dungeon Overview and Level Annotations

Branches:
Dungeon (5/15)             Temple (0/1) D:4           Sewer (visited)

Altars:
Elyvilon
Gozag
Vehumet

Annotations:
D:4 Pikel

..............▒.▒▒▒▒.▒ ▒.▒▒
..................▒.>▒▒▒▒..▒▒▒
......................▒......▒
.▒........▒▒.....▒▒..▒.......▒▒
..▒......▒▒▒.....▒▒▒.....†....▒
.▒▒.......▒▒▒▒▒..▒▒▒...▒......▒
..▒..▒..▒..▒.♣▒........▒▒.▒▒▒▒▒
.....▒.....'.8▒K5...▒..▒....▒
.....▒▒.▒..▒.♣▒5T.........▒▒▒
.▒▒▒.▒▒.▒..▒▒▒▒.....▒......▒
..▒▒.▒.......▒.....▒▒...▒.▒▒
.▒▒.............▒...▒...▒▒▒
.▒........................▒
.................▒.......▒▒
....▒▒..▒..<....▒▒▒▒▒▒▒▒▒▒
).......▒▒.))....▒
.....▒..▒▒▒.....▒▒


You could see Pikel and 2 lemures.


Message History

Unknown command.
You scratch Pikel.
Pikel is severely wounded.
The lemure closely misses you. Pikel misses you. The lemure hits you.
* * * LOW HITPOINT WARNING * * *
Unknown command.
You barely miss Pikel.
Pikel is severely wounded.
The lemure hits you but does no damage. Pikel closely misses you.
The lemure misses you.
Unknown command.
You closely miss Pikel.
Pikel is severely wounded.
The lemure hits you but does no damage.
Pikel checks his coin pouch and frowns.
Pikel hits you with a +1 whip of flaming.
* * * LOW HITPOINT WARNING * * *
Pikel burns you.
* * * LOW HITPOINT WARNING * * *
The lemure hits you but does no damage.
You completely miss Pikel.
Pikel is severely wounded.
The lemure hits you but does no damage.
Pikel hits you with a +1 whip of flaming.
* * * LOW HITPOINT WARNING * * *
Pikel burns you.
You die...

Action                   |  1- 3 |  4- 6 |  7- 9 || total
-------------------------+-------+-------+-------++-------
Melee: Unarmed           |    97 |   161 |   108 ||   366
       Punch             |     2 |     6 |     4 ||    12
Invok: Trog's Hand       |     1 |       |       ||     1
       Berserk           |       |       |     1 ||     1
 Stab: Sleeping          |     1 |       |       ||     1
Armor: Animal skin       |    31 |    71 |    37 ||   139
Dodge: Dodged            |    40 |    97 |    48 ||   185

Levels and vault maps discovered:
D:1:      minmay_arrival_shattered_statue, layout_loops_ring,
          minmay_gold_behind_fungi
D:2:      layout_basic, basic_ecumenical_altar, kennysheep_nondescript,
          uniq_sigmund, uniq_crazy_yiuf_cottage
D:3:      layout_loops_cross, gup_sewer_entry_pipe, kennysheep_orc_chapel
D:4:      layout_cave_pools, mainiacjoe_overflow_boulevard,
          amethyst_overflow_temple_binary, minmay_temple_entry_slanted,
          gammafunk_ghost_grave
D:5:      layout_rooms, lemuel_round_altar, hangedman_decor_peaks_small,
          uniq_pikel

Notes
Turn   | Place    | Note
-------+----------+-------------------------------------------
     0 | D:1      | sanka the Troll Berserker began the quest for the Orb.
     0 | D:1      | Reached XP level 1. HP: 22/22 MP: 0/0
   129 | D:1      | Reached XP level 2. HP: 29/29 MP: 1/1
   386 | D:1      | Reached ** piety under Trog
   441 | D:1      | Reached XP level 3. HP: 34/36 MP: 2/2
   501 | D:1      | Reached skill level 4 in Unarmed Combat
   827 | D:2      | Found a runed translucent door.
   828 | D:2      | Noticed Crazy Yiuf
  1182 | D:2      | Found a faded altar of an unknown god.
  1276 | D:2      | Reached skill level 3 in Fighting
  1362 | D:2      | Noticed Sigmund
  1368 | D:2      | Killed Sigmund
  1369 | D:2      | Reached skill level 5 in Unarmed Combat
  1369 | D:2      | Reached XP level 4. HP: 38/45 MP: 3/3
  1369 | D:2      | Reached XP level 5. HP: 45/53 MP: 4/4
  1751 | D:2      | Killed Crazy Yiuf
  1862 | D:3      | Found a glowing drain.
  1878 | Sewer    | Entered a sewer
  1882 | Sewer    | Reached XP level 6. HP: 62/62 MP: 5/5
  2015 | Sewer    | Reached *** piety under Trog
  2016 | Sewer    | Reached skill level 6 in Unarmed Combat
  2070 | Sewer    | Reached skill level 4 in Fighting
  3224 | D:3      | Reached XP level 7. HP: 71/71 MP: 6/6
  3295 | D:4      | Reached **** piety under Trog
  3297 | D:4      | Reached skill level 7 in Unarmed Combat
  3515 | D:4      | Found a staircase to the Ecumenical Temple.
  3517 | D:4      | Found a white marble altar of Elyvilon.
  3704 | D:4      | Found an opulent altar of Gozag.
  3704 | D:4      | Found a radiant altar of Vehumet.
  3777 | D:4      | Noticed Flugkiller's ghost (amateur MiFi)
  3778 | D:4      | Found a runed translucent door.
  3806 | D:4      | Reached skill level 5 in Fighting
  3806 | D:4      | Reached skill level 8 in Unarmed Combat
  3920 | D:4      | Killed Flugkiller's ghost
  3921 | D:4      | Reached XP level 8. HP: 80/80 MP: 7/7
  3938 | D:5      | Entered Level 5 of the Dungeon
  3938 | D:5      | Noticed Pikel
  3959 | D:4      | HP: 7/80 [lemure[Pikel] (5)]
  3961 | D:4      | HP: 2/80 [Pikel/+1 whip of flaming (2)]
  3962 | D:4      | Slain by Pikel

Vanquished Creatures
  Sigmund (D:2)
  The ghost of Flugkiller the Chopper, an amateur MiFi (D:4)
  An ogre (D:4)
  A lemure (D:4)
  A phantom (D:4)
  2 necrophages (D:4)
  A bullfrog (D:3)
  Crazy Yiuf (D:2)
  2 orc priests
  An iguana (D:4)
  2 orc wizards
  10 adders
  6 river rats (Sewer)
  2 worms
  3 dart slugs
  25 orcs
  11 ball pythons
  12 endoplasms
  8 giant cockroaches
  7 goblins
  6 hobgoblins
  8 jackals
  4 quokkas
  12 bats
  5 frilled lizards
  6 kobolds
  5 rats
144 creatures vanquished.

Vanquished Creatures (others)
  8 fungi (D:1)
  3 toadstools (D:1)
11 creatures vanquished.

Grand Total: 155 creatures vanquished
